 Dungeon Crawl Stone Soup version 0.32-a0-933-ga8fa3634e4 (webtiles) character file.

Game seed: 7860187123990722099

266 junkhipster the Cudgeller (level 6, -2/38 HPs)
             Began as a Gargoyle Fighter on Apr 14, 2024.
             Was an Initiate of Ru.
             Slain by an ogre
             ... wielding a +0 giant club
              (27 damage)
             ... on level 5 of the Dungeon.
             The game lasted 00:04:40 (3180 turns).

junkhipster the Cudgeller (Gargoyle Fighter)        Turns: 3180, Time: 00:04:41

Health: -2/38      AC: 17    Str: 19    XL:     6   Next: 20%
Magic:  6/6        EV:  9    Int:  9    God:    Ru [......]
Gold:   259        SH:  4    Dex: 11    Spells: 5/5 levels left

rFire   . . .        a - +0 flail
rCold   . . .        c - +0 buckler
rNeg    + . .        s - +0 plate armour
rPois   ∞            (no helmet)
rElec   +            (no cloak)
rCorr   .            f - +0 pair of gloves
SInv    .            (no boots)
Will    .....        (no amulet) Stlth
                     e - +5 ring of evasion
HPRegen 0.26/turn    w - ring of flight
MPRegen 0.10/turn

%: no passive effects
@: flying
A: sickness immunity, AC +4, negative energy resistance 1, electricity
resistance, torment resistance 1, petrification resistance
a: Renounce Religion


You were on level 5 of the Dungeon.
You worshipped Ru.
Ru was noncommittal.
You visited 1 branch of the dungeon, and saw 5 of its levels.

You collected 259 gold pieces.

Inventory:

Hand Weapons
 a - a +0 flail (weapon)
Armour
 c - a +0 buckler (worn)
 f - a +0 pair of gloves (worn)
 s - a +0 plate armour (worn)
Jewellery
 e - a +5 ring of evasion (left hand)
 i - a ring of see invisible
 q - a ring of positive energy
 w - a ring of flight (right hand)
Scrolls
 b - a scroll of poison {unknown}
 h - a scroll of enchant weapon {unknown}
 k - a scroll of blinking {unknown}
 m - 2 scrolls of fog
 r - 3 scrolls of butterflies {unknown}
 t - a scroll of vulnerability
 u - 3 scrolls of teleportation
 x - a scroll of immolation {unknown}
Potions
 d - 2 potions of might
 g - a potion of attraction
 j - a potion of curing {unknown}
 l - a potion of haste {unknown}
 n - a potion of invisibility
 o - 2 potions of ambrosia
 p - a potion of brilliance
 v - a potion of lignification {unknown}


   Skills:
 + Level 3.9 Fighting
 * Level 5.5 Maces & Flails
 + Level 3.6 Armour
 + Level 0.4 Dodging
 + Level 3.6 Shields


You had 5 spell levels left.
You didn't know any spells.
Your spell library contained the following spells:

 Spells                   Type           Power      Damage    Failure   Level
 Ensorcelled Hibernation  Hex/Ice        0%         N/A       100%        2
 Maxwell's Portable Pile  Tloc           0%         2d(5-13)  100%        3
 Passwall                 Erth           0%         N/A       100%        3
 Swiftness                Air            0%         N/A       100%        3
 Volatile Blastmotes      Fire/Tloc      0%         2d10      100%        3
 Dispel Undead            Necr           0%         3d6       100%        4
 Leda's Liquefaction      Alch/Erth      0%         N/A       100%        4
 Martyr's Knell           Necr/Summ      0%         N/A       100%        4
 Vhi's Electric Charge    Tloc/Air       0%         N/A       100%        4
 Arcjolt                  Conj/Air       0%         1d10      100%        5
 Lee's Rapid Deconstruct  Erth           0%         3d4*      100%        5
 Bombard                  Conj/Erth      0%         9d1       100%        6
 Permafrost Eruption      Ice/Erth       0%         2x4d1     100%        6
 Maxwell's Capacitive Co  Air            0%         ∞         100%        8
 Cigotuvi's Dreadful Rot  Necr/Alch/Air  Unusable   N/A       N/A         2

Dungeon Overview and Level Annotations

Branches:
Dungeon (5/15)
 Temple: D:4-7

Altars:
Ru


Innate Abilities, Weirdness & Mutations

You are immune to sickness and miasma.
Your stone body is resilient. (AC +4)
You are immune to poison.
You resist negative energy. (rN+)
You are resistant to electric shocks. (rElec)
You are resistant to unholy torment.
You are immune to petrification.


Message History

You kill the iguana!
The orc hits you but does no damage.
You sock the orc!
You kill the orc!
You see here a +0 hand axe.
d - 2 potions of might (gained 1)
A phantom comes into view.
The phantom moves out of view.
You hit the phantom.
The phantom is lightly damaged.
The phantom hits you.
You barely miss the phantom.
The phantom is lightly damaged.
The phantom hits you but does no damage.
You hit the phantom but do no damage.
The phantom is lightly damaged.
The phantom hits you but does no damage.
The phantom hits you.
The phantom blinks!
You blink.
An ogre comes into view. It is wielding a +0 giant club.
You hit the phantom but do no damage.
The phantom is lightly damaged.
The ogre shouts!
The phantom hits you but does no damage.
You barely miss the phantom.
The phantom is lightly damaged.
The phantom hits you but does no damage.
The phantom attacks as it pursues you!
The phantom hits you but does no damage.
The ogre attacks as it pursues you! The ogre hits you with a +0 giant club!
The phantom attacks as it pursues you!
The phantom hits you but does no damage.
The phantom hits you but does no damage.
The phantom attacks as it pursues you!
The phantom hits you but does no damage.
You closely miss the phantom.
The phantom hits you but does no damage.
The ogre hits you with a +0 giant club!!
Ouch! That really hurt!
You die...
Ru respects your ultimate sacrifice.

#.###..#### ##.........#
#..###.#### ##..........##
##..P≈.≈..# #............#
#.P#≈.≈#.# #...........##
#.PP≈.≈..# #............#
#.PP≈.≈.P#### #............#
##.P#≈.≈#P##.####...........#
.....≈.≈..#......O...........#
.....≈.≈P.......@W..###....###
...P#≈.≈#......###### ####..#
...P.≈.≈......## ....
.....≈.≈......# #...
....#≈.≈#.....# .#
...##≈.≈##....#
..##≈≈.≈≈##...# #.#≈≈.. ..##
#.#


You could see an ogre and a phantom.

Vanquished Creatures
  A scorpion (D:5)
  2 hounds
  An iguana (D:5)
  4 adders
  2 ufetubi (D:5)
  4 dart slugs
  A ribbon worm (D:2)
  2 orcs
  5 bats
  8 endoplasms
  3 giant cockroaches (D:1)
  6 goblins
  7 hobgoblins
  A jackal (D:2)
  2 quokkas
  2 ball pythons
  3 frilled lizards
  13 kobolds
  2 rats
69 creatures vanquished.

Notes
Turn   | Place    | Note
-------+----------+-------------------------------------------
     0 | D:1      | junkhipster the Gargoyle Fighter began the quest for the
                  | Orb.
     0 | D:1      | Reached XP level 1. HP: 14/14 MP: 1/1
   102 | D:1      | Reached XP level 2. HP: 19/19 MP: 2/2
   809 | D:2      | Reached XP level 3. HP: 24/24 MP: 3/3
   871 | D:2      | Reached skill level 3 in Maces & Flails
  1690 | D:3      | Reached XP level 4. HP: 28/29 MP: 4/4
  2028 | D:3      | Found a sacrificial altar of Ru.
  2035 | D:3      | Became a worshipper of Ru the Awakened
  2410 | D:4      | Reached skill level 4 in Maces & Flails
  2410 | D:4      | Reached XP level 5. HP: 28/33 MP: 5/5
  2811 | D:5      | Entered Level 5 of the Dungeon
  2963 | D:5      | Reached skill level 5 in Maces & Flails
  2963 | D:5      | Reached XP level 6. HP: 9/38 MP: 6/6
  3180 | D:5      | Slain by an ogre

Illustrated notes

Levels and vault maps discovered:
D:1:      lordsloth_arrival_two_stooges, layout_basic
D:2:      layout_loops_ring, minmay_hexomino_u4
D:3:      layout_loops_ring, nicolae_ru_the_path_less_chosen,
          kennysheep_another_room
D:4:      layout_basic, hangedman_decor_points
D:5:      layout_cave_pods, nicolae_elyvilon_temple_path,
          lemuel_zombie_altar_yredelemnul

Skill      XL: |  1  2  3  4  5 |
---------------+----------------+-----
Maces & Flails | 3 4 5 |  5.5
Fighting       | |  3.9
Armour         | |  3.6
Dodging        | |  0.4
Shields        | |  3.6

Action                     |  1- 3 |  4- 6 || total
---------------------------+-------+-------++-------
  Melee: Flail             |   129 |   119 ||   248
    Use: Scroll            |     2 |     5 ||     7
 Armour: Scale mail        |    63 |       ||    63
         Plate armour      |    14 |   113 ||   127
  Dodge: Dodged            |   111 |    80 ||   191
  Block: Buckler           |    39 |    37 ||    76

Table legend: (Time is in decaauts)
 A = Elapsed time spent in this place.
 B = Non-inter-level travel time spent in this place.
 C = Inter-level travel time spent in this place.
 D = Time resting spent in this place.
 E = Time spent auto-exploring this place.
 F = Levels seen in this place.
 G = Mean time per level.
                   A        B        C        D        E       F      G
               +--------+--------+--------+--------+--------+-----+--------+
         Total |   3243 |   3243 |      0 |    108 |   2242 |   5 |  648.6 |
       Dungeon |   3243 |   3243 |      0 |    108 |   2242 |   5 |  648.6 |
               +--------+--------+--------+--------+--------+-----+--------+

Top non-repeatable levels by time:
     D:2: 803 daAuts
     D:3: 725 daAuts
     D:1: 714 daAuts
     D:4: 622 daAuts
     D:5: 377 daAuts
